 Dungeon Sprint DCSS version 0.17.1-3-g152610e (webtiles) character file.

29 Groucho the Skirmisher (level 3, -4/36 HPs)
             Began as a Naga Fighter on Apr 23, 2016.
             Was an Elder of Cheibriados.
             Slain by Edmund
             ... wielding a +3 flail of protection
              (8 damage)
             ... in the Dungeon (Sprint VII: "The Pits").
             The game lasted 00:02:49 (660 turns).

Groucho the Skirmisher (Naga Fighter)                Turns: 660, Time: 00:02:49

Health: -4/36      AC:  4    Str: 34    XL:     3   Next: 16%
Magic:  4/4        EV:  7    Int: 18    God:    Cheibriados [****..]
Gold:   0          SH: 11    Dex: 20    Spells: 0 memorised, 3 levels left

rFire  . . .     SeeInvis +     l - +2 hand axe
rCold  . . .     Clarity  .     b - +0 scale mail
rNeg   . . .     SustAt   .     c - +0 shield
rPois  +         Gourm    .     (no helmet)
rElec  .         Spirit   .     (no cloak)
rCorr  .         Warding  .     (no gloves)
rMut   .         NoTele   +     (no barding)
MR     .....                    (no amulet)
Stlth  ..........               (no ring)
                                (no ring)

@: mighty, very slow, not resistant to hostile enchantments, extremely
unstealthy
A: see invisible, deformed body, poison resistance, slowness 2, slow metabolism
1, spit poison 2, AC +1
a: Spit Poison, Bend Time, Temporal Distortion, Slouch, Renounce Religion


You were in the Dungeon.
You worshipped Cheibriados.
Cheibriados was greatly pleased with you.
You were not hungry.

You visited 1 branch

Inventory:

Hand Weapons
 a - a +0 war axe
 l - a +2 hand axe (weapon)
Armour
 b - a +0 scale mail (worn)
 c - a +0 shield (worn)
Scrolls
 k - a scroll of blinking
 p - 3 scrolls of remove curse
 q - 5 scrolls of amnesia
 r - a scroll of summoning
Potions
 h - a potion of haste
 i - 4 potions of magic
 j - 3 potions of berserk rage
 o - 2 potions of invisibility
Comestibles
 e - 8 bread rations
 m - 40 fruits
 n - 7 meat rations


   Skills:
 * Level 3.9 Fighting
 * Level 3.1 Axes
 * Level 3.0 Armour
 * Level 1.9 Dodging
 * Level 3.0 Shields
 + Level 0.6 Spellcasting
 * Level 1.9 Invocations


You had 3 spell levels left.
You didn't know any spells.

Dungeon Overview and Level Annotations

Branches:
Dungeon (1/1)

Altars:
Ashenzari
Cheibriados
Dithmenos
Elyvilon
Fedhas
Gozag
Kikubaaqudgha
Makhleb
Nemelex Xobeh
Okawaru
Qazlal
Ru
Sif Muna
Trog
Vehumet
Xom
Yredelemnul
Zin
The Shining One
Beogh
Jiyva
Lugonu

Annotations:
D Edmund


Innate Abilities, Weirdness & Mutations

You cannot wear boots.
Your serpentine skin is tough (AC +1).
You have supernaturally acute eyesight.
Armour fits poorly on your strangely shaped body.
Your system is resistant to poisons.
You cover ground very slowly.
You have a slow metabolism.
You can spit poison.


Message History

Drink which item? (? for menu, Esc to quit)
You can't drink that!
Unknown command.
Drink which item? (? for menu, Esc to quit)
You feel better.
Edmund hits you with a flail of protection!
* * * LOW HITPOINT WARNING * * *
You block Edmund's attack.
Drink which item? (? for menu, Esc to quit)
You feel very mighty all of a sudden.
Edmund hits you with a flail of protection.
* * * LOW HITPOINT WARNING * * *
You hit Edmund.
Edmund is severely wounded.
Edmund is no longer moving quickly.
Edmund zaps a wand.
Edmund seems to speed up.
Edmund zaps a wand.
Nothing appears to happen.
You slash Edmund!
Edmund is almost dead.
Edmund hits you with a flail of protection!
You die...

#.#####'############
#_#)))'.'..##.......
#_#)).#.#?(##......#
#######'#####.......
#..........)'(......
#+#####'#####......#
#...#.# #.......
#...#.# ####'###
#@..).# #.......
##@#### #.......
#.))..# #.......
#.....# #...<...
#....... #.......
#........##.......
###########.......
########


You could see Edmund.

Vanquished Creatures
  A gnoll (D)
  An adder (D)
  A hobgoblin (D)
  A giant newt (D)
  4 jackals (D)
  2 kobolds (D)
  A quokka skeleton (D)
11 creatures vanquished.

Notes
Turn   | Place    | Note
--------------------------------------------------------------
     0 | D        | Groucho the Naga Fighter began the quest for the Orb.
     0 | D        | Reached XP level 1. HP: 21/21 MP: 1/1
    25 | D        | Found a sacrificial altar of Ru.
    25 | D        | Found a basalt altar of Yredelemnul.
    25 | D        | Found a shadowy altar of Dithmenos.
    25 | D        | Found a deep blue altar of Sif Muna.
    25 | D        | Found a burning altar of Makhleb.
    25 | D        | Found a shimmering altar of Xom.
    25 | D        | Found an ancient bone altar of Kikubaaqudgha.
    25 | D        | Found a sparkling altar of Nemelex Xobeh.
    27 | D        | Found a glowing golden altar of the Shining One.
    27 | D        | Found a glowing silver altar of Zin.
    36 | D        | Found a bloodstained altar of Trog.
    36 | D        | Found a corrupted altar of Lugonu.
    36 | D        | Found a viscous altar of Jiyva.
    47 | D        | Found a shattered altar of Ashenzari.
    47 | D        | Found a white marble altar of Elyvilon.
    47 | D        | Found a snail-covered altar of Cheibriados.
    47 | D        | Found a blossoming altar of Fedhas.
    47 | D        | Found a radiant altar of Vehumet.
    47 | D        | Found a roughly hewn altar of Beogh.
    47 | D        | Found an iron altar of Okawaru.
    53 | D        | Found a stormy altar of Qazlal.
    54 | D        | Found an opulent altar of Gozag.
    59 | D        | Became a worshipper of Cheibriados the Contemplative
    77 | D        | Reached skill level 1 in Dodging
    77 | D        | Reached skill level 1 in Invocations
    77 | D        | Reached XP level 2. HP: 20/28 MP: 2/2
    80 | D        | Reached * piety under Cheibriados
   159 | D        | Reached ** piety under Cheibriados
   161 | D        | Reached *** piety under Cheibriados
   167 | D        | Reached XP level 3. HP: 14/36 MP: 2/4
   633 | D        | Noticed Edmund
   635 | D        | Reached **** piety under Cheibriados
   660 | D        | Slain by Edmund

Action                   || total
-------------------------++-------
Melee: Hand axe          ||    40
       War axe           ||     1
  Use: Potion            ||     3
